 Dungeon Crawl Stone Soup version 0.29-a0-541-gaf1fc19f1b (webtiles) character file.

Game seed: 5350580999797767776

263 Nedwor the Chopper (level 5, -3/48 HPs)
             Began as a Minotaur Berserker on June 2, 2022.
             Was a Believer of Trog.
             Slain by a gnoll shaman
             ... wielding a +0 whip
              (9 damage)
             ... on level 4 of the Dungeon.
             The game lasted 00:06:05 (2660 turns).

Nedwor the Chopper (Minotaur Berserker)             Turns: 2660, Time: 00:06:05

Health: -3/48      AC: 13    Str: 24    XL:     5   Next: 97%
Magic:  4/4        EV:  7    Int:  4    God:    Trog [**....]
Gold:   206        SH:  0    Dex:  9    Spells: 4/4 levels left

rFire   . . .      SeeInvis .   a - +0 hand axe
rCold   + . .      Faith    .   (no shield)
rNeg    . . .      Spirit   .   i - +0 plate armour
rPois   .          Reflect  .   (helmet restricted)
rElec   .          Harm     .   m - +1 cloak
rCorr   .          Rampage  .   (no gloves)
Will    .....                   (no boots)
Stlth   ..........              s - amulet of the acrobat
HPRegen 0.16/turn               l - ring of protection from cold
MPRegen 0.09/turn               (no ring)

@: no status effects
A: horns 2, retaliatory headbutt
a: Renounce Religion, Berserk, Trog's Hand


You were on level 4 of the Dungeon.
You worshipped Trog.
Trog was pleased with you.
You visited 1 branch of the dungeon, and saw 4 of its levels.

You collected 206 gold pieces.

Inventory:

Hand Weapons
 a - a +0 hand axe (weapon)
 v - the +7 Throatcutter {drain, coup de grace}
   (You found it on level 3 of the Dungeon)

   A truly terrible weapon, it drains the life of any living foe it strikes.
   It may instantly kill foes which have little health.
Armour
 i - a +0 plate armour (worn)
 m - a +1 cloak (worn)
Jewellery
 l - a ring of protection from cold (left hand)
 s - an amulet of the acrobat (around neck)
Scrolls
 c - 2 scrolls of blinking
 d - 3 scrolls of identify
 e - a scroll of torment {unknown}
Potions
 b - a potion of might
 f - a potion of magic (quivered) {unknown}
 g - a potion of haste
 h - 3 potions of brilliance
 k - 4 potions of curing
 o - a potion of flight


   Skills:
 + Level 5.0 Fighting
 * Level 6.1 Axes
 + Level 3.6 Armour
 + Level 3.2 Dodging


You had 4 spell levels left.
You didn't know any spells.
Your spell library was empty.

Dungeon Overview and Level Annotations

Branches:
Dungeon (4/15)
 Temple: D:4-7

Altars:
Fedhas
Gozag
Nemelex Xobeh
Uskayaw

Shops:
D:2 [

Annotations:
D:3 2 transporters, stabb's ghost, weakling DsFE


Innate Abilities, Weirdness & Mutations

You have a pair of horns on your head.
You reflexively headbutt those who attack you in melee.


Message History

You slash the gnoll!
You kill the gnoll!
Trog accepts your kill.
The gnoll hits you from afar with a +0 spear.
You are too injured to fight recklessly!
You are too injured to fight recklessly!
You are too injured to fight recklessly!
You are too injured to fight recklessly!
The gnoll hits you with a +0 spear.
You see here a +0 flail.
You barely miss the gnoll. The gnoll completely misses you.
You hit the gnoll but do no damage. The gnoll hits you with a +0 spear.
You hit the gnoll but do no damage. You headbutt the gnoll!
The gnoll is heavily wounded.
The gnoll hits you but does no damage.
You hit the gnoll.
You kill the gnoll!
Trog accepts your kill.
Things that are here:
a +0 spear; a gnoll corpse A gnoll shaman comes into view.
It is wielding a +0 whip.
A gnoll shaman is nearby!
The gnoll shaman closely misses you. The gnoll shaman closely misses you.
You hit the gnoll shaman.
The gnoll shaman is moderately wounded.
The gnoll shaman hits you with a +0 whip.
You slash the gnoll shaman! Your headbutt misses the gnoll shaman.
The gnoll shaman is severely wounded.
The gnoll shaman hits you with a +0 whip.
* * * LOW HITPOINT WARNING * * *
You completely miss the gnoll shaman. Your headbutt misses the gnoll shaman.
You punch the gnoll shaman.
The gnoll shaman is severely wounded.
The gnoll shaman hits you with a +0 whip.
* * * LOW HITPOINT WARNING * * *
You hit the gnoll shaman but do no damage.
The gnoll shaman is severely wounded.
The gnoll shaman hits you with a +0 whip!
You die...

# ### ' . ..#
.. #. #.# ...
##.##.# ....
##...#.##.....
#.....@g......
##...#.##.....
##. #)# ... #
#)# . #.#
##.##
######...#
#..:...#.#
#.####...#


You could see a gnoll shaman.

Vanquished Creatures
  A scorpion (D:4)
  Crazy Yiuf (D:2)
  Natasha (twice) (D:2)
  3 gnolls (D:4)
  An adder (D:3)
  A worm (D:2)
  4 dart slugs
  5 orcs
  6 endoplasms
  4 giant cockroaches
  8 goblins
  8 hobgoblins
  3 jackals (D:2)
  5 quokkas
  7 ball pythons
  3 bats
  3 frilled lizards
  4 kobolds
  4 rats
73 creatures vanquished.

Notes
Turn   | Place    | Note
-------+----------+-------------------------------------------
     0 | D:1      | Nedwor the Minotaur Berserker began the quest for the Orb.
     0 | D:1      | Reached XP level 1. HP: 19/19 MP: 0/0
    39 | D:1      | You fall into a shaft and drop 1 floor!
    74 | D:2      | Found a runed translucent door.
    75 | D:2      | Noticed Crazy Yiuf
   103 | D:2      | Found Loaptaul's Antique Armour Emporium.
   160 | D:1      | Reached skill level 4 in Axes
   199 | D:1      | Reached XP level 2. HP: 27/27 MP: 1/1
   776 | D:1      | Reached XP level 3. HP: 28/33 MP: 2/2
  1088 | D:2      | Reached ** piety under Trog
  1251 | D:2      | Found a faded altar of an unknown god.
  1327 | D:2      | Noticed Natasha
  1338 | D:2      | Killed Natasha
  1339 | D:2      | Reached skill level 5 in Axes
  1339 | D:2      | Reached XP level 4. HP: 21/41 MP: 3/3
  1419 | D:2      | Noticed Natasha
  1422 | D:2      | Killed Natasha
  1567 | D:2      | Killed Crazy Yiuf
  1625 | D:3      | Reached XP level 5. HP: 43/47 MP: 4/4
  1640 | D:3      | Noticed stabb's ghost (weakling DsFE)
  1719 | D:3      | Found an opulent altar of Gozag.
  1921 | D:3      | Found a transporter.
  1924 | D:3      | Found a transporter.
  2288 | D:3      | Found the +7 Throatcutter {drain, coup de grace}
  2418 | D:4      | Found a sparkling altar of Nemelex Xobeh.
  2482 | D:4      | Reached skill level 5 in Fighting
  2482 | D:4      | Reached skill level 6 in Axes
  2568 | D:4      | Noticed a +0 dagger
  2568 | D:4      | Noticed a +0 spear
  2569 | D:4      | Noticed a +0 dagger
  2569 | D:4      | Noticed a +0 falchion
  2569 | D:4      | Noticed a +0 short sword
  2569 | D:4      | Noticed a +0 spear
  2570 | D:4      | Noticed a +0 short sword
  2571 | D:4      | Noticed a +0 falchion
  2582 | D:4      | Found a hide-covered altar of Uskayaw.
  2619 | D:4      | Found a blossoming altar of Fedhas.
  2660 | D:4      | Slain by a gnoll shaman

Illustrated notes

Levels and vault maps discovered:
D:1:      giann_bridges, layout_basic, minmay_cupped
D:2:      layout_rooms, hellmonk_ecumenical_altar_prayer_group, serial_shops,
          shop_fountains, uniq_crazy_yiuf_cottage, uniq_natasha
D:3:      layout_rooms, nicolae_gozag_seed_capital, gammafunk_ghost_arena,
          kennysheep_cluttered_room, minmay_randomly_rotated_circles
D:4:      layout_loops_corners, mainiacjoe_overflow_catch_the_wave,
          nicolae_uskayaw_en_pointe, nemelex_dance_club_becter

Skill      XL: |  1  2  3  4  5 |
---------------+----------------+-----
Axes           | 4 5 6 |  6.1
Fighting       | 4 5 |  5.0
Armour         | 3 |  3.6
Dodging        | 3 |  3.2

Action                   |  1- 3 |  4- 6 || total
-------------------------+-------+-------++-------
Melee: Hand axe          |    83 |    75 ||   158
       Headbutt          |     6 |    10 ||    16
       Punch             |       |     2 ||     2
Invok: Berserk           |       |     1 ||     1
  Use: Scroll            |       |    14 ||    14
       Potion            |       |     1 ||     1
Armor: Animal skin       |     4 |       ||     4
       Plate armour      |    24 |    26 ||    50
Dodge: Dodged            |    42 |    37 ||    79

Table legend: (Time is in decaauts)
 A = Elapsed time spent in this place.
 B = Non-inter-level travel time spent in this place.
 C = Inter-level travel time spent in this place.
 D = Time resting spent in this place.
 E = Time spent auto-exploring this place.
 F = Levels seen in this place.
 G = Mean time per level.
                   A        B        C        D        E       F      G
               +--------+--------+--------+--------+--------+-----+--------+
         Total |   2678 |   2567 |    111 |     81 |   1992 |   4 |  669.5 |
       Dungeon |   2678 |   2567 |    111 |     81 |   1992 |   4 |  669.5 |
               +--------+--------+--------+--------+--------+-----+--------+

Top non-repeatable levels by time:
     D:1: 898 daAuts
     D:3: 771 daAuts
     D:2: 729 daAuts
     D:4: 280 daAuts
